 Dungeon Crawl Stone Soup version 0.26.1-11-gd32895ea62 (webtiles) character file.

Game seed: 8182295212690112719

5763 buriedalive the Nimble (level 10, -10/61 HPs)
             Began as a Deep Elf Ice Elementalist on June 14, 2021.
             Was a Believer of Ashenzari.
             Killed by refrigeration
             ... invoked by Fannar
              (25 damage)
             ... on level 10 of the Dungeon.
             The game lasted 00:36:50 (15234 turns).

buriedalive the Nimble (Deep Elf Ice Elementalist) Turns: 15234, Time: 00:36:51

Health: -10/61     AC: 19    Str:  5    XL:     10   Next: 49%
Magic:  11/16      EV: 20    Int: 27    God:    Ashenzari [**....]
Gold:   477        SH:  5    Dex: 15    Spells: 4/15 levels left

rFire    . . .     SeeInvis .   D - +6 great mace of Shame {venom, Will+ Int+3} (curse)
rCold    . . .     Faith    .   (shield currently unavailable)
rNeg     + . .     Spirit   .   f - +2 animal skin
rPois    .         Reflect  +   g - +2 helmet
rElec    .         Harm     .   (no cloak)
rCorr    .         Rampage  .   y - +1 pair of gloves
Will     ++...                  F - +0 pair of boots
Stlth    ++........             I - amulet of reflection
HPRegen  0.20/turn              A - ring of positive energy
MPRegen  0.15/turn              (no ring)

@: icy armour, about to teleport, frozen ramparts
A: no striking features
a: Renounce Religion, Curse Item, Scrying


You were on level 10 of the Dungeon.
You worshipped Ashenzari.
Ashenzari was pleased with you.
You visited 2 branches of the dungeon, and saw 11 of its levels.

You collected 580 gold pieces.
You spent 103 gold pieces at shops.

Inventory:

Hand Weapons
 c - a +1 dagger of draining
 d - a +1 short sword of protection
 m - a +0 rapier
 o - a +0 hand axe
 p - a cursed -3 short sword
 D - the cursed +6 great mace of Shame (weapon) {venom, Will+ Int+3}
   (You found it on level 9 of the Dungeon)

   It poisons the flesh of those it strikes.
   It affects your intelligence (+3).
   It affects your willpower, your defense against some magical effects.
   It has a curse placed upon it.
 E - a cursed +2 scimitar of electrocution
Missiles
 a - 32 poisoned darts (quivered)
 b - 432 stones
 q - 3 silver boomerangs
Armour
 f - a +2 animal skin (worn)
 g - a +2 helmet (worn)
 y - a +1 pair of gloves (worn)
 F - a +0 pair of boots (worn)
Jewellery
 A - a ring of positive energy (left hand)
 I - an amulet of reflection (around neck)
Wands
 r - a wand of flame (9)
 t - a wand of enslavement (7)
 v - a wand of random effects (23)
 w - a wand of disintegration (10)
 G - a wand of polymorph (6)
 H - a wand of paralysis (8)
Scrolls
 h - 3 scrolls of blinking
 l - 5 scrolls of immolation
 n - a scroll of amnesia
 s - a scroll of remove curse
 u - 2 scrolls of magic mapping
 x - 3 scrolls of identify
 z - a scroll of fog
 J - a scroll of enchant weapon
Potions
 e - 3 potions of lignification
 i - 3 potions of invisibility
 j - 3 potions of curing
 k - 2 potions of attraction
 B - a potion of ambrosia
 C - a potion of magic
 L - a potion of brilliance


   Skills:
 + Level 6.7 Fighting
 + Level 11.5 Dodging
 - Level 2.4 Stealth
 - Level 3.0 Spellcasting
 + Level 2.4 Summonings
 - Level 11.0 Ice Magic


You had 4 spell levels left.
You knew the following spells:

 Your Spells              Type           Power        Failure   Level
a - Freeze                Ice            100%         1%          1
b - Frozen Ramparts       Ice            100%         1%          3
c - Ozocubu's Armour      Ice            59%          1%          3
d - Summon Ice Beast      Ice/Summ       40%          5%          4

Your spell library contained the following spells:

 Spells                   Type           Power        Failure   Level
 Animate Skeleton         Necr           8%           9%          1
 Pain                     Necr           16%          9%          1
 Hailstorm                Conj/Ice       33%          9%          4
 Vampiric Draining        Necr           2%           26%         3
 Animate Dead             Necr           2%           65%         4
 Agony                    Necr           4%           94%         5


Dungeon Overview and Level Annotations

Branches:
Dungeon (10/15)            Temple (1/1) D:4             Orc (0/2) D:9
   Lair: D:8-11

Altars:
Ashenzari
Cheibriados
Dithmenos
Elyvilon
Nemelex Xobeh
Okawaru
Qazlal
Trog
Uskayaw
Vehumet
Xom
Zin
The Shining One

Shops:
D:8 [   D:10 !

Annotations:
D:6 1 runed translucent door, MummyDearest's ghost, novice HOBe
D:8 3 runed translucent doors, Zeld's ghost, novice TrHu
D:10 Fannar


Message History

Fannar hits you but does no damage. Fannar freezes you!
* * * LOW HITPOINT WARNING * * *
You barely miss Fannar.
Fannar is lightly wounded.
The wight resists.
The wall freezes the wight.
The wight resists.
The wall freezes the wight.
The ice beast completely resists.
The wall freezes the ice beast but does no damage.
The ice beast hits you but does no damage.
Fannar completely resists.
The wall freezes Fannar but does no damage.
Fannar completely misses you.
The wight resists.
The wall freezes the wight.
The wight completely resists.
The wall freezes the wight but does no damage.
The ice beast completely resists.
The wall freezes the ice beast but does no damage.
The ice beast misses you.
Fannar resists.
The wall freezes Fannar.
Fannar gestures wildly while chanting.
Fannar drains the heat from the surrounding environment!
You feel very cold.
You die...

#.....# #.# #.....# #.#
#.....#######.#########
# , .........##......#
# ,.........##.####.# #
.........##.# #.# #
,............# #.# #
...#############∩## # ,
.. #..zze@Y.....# # . *
#.############ ,,, , *
, , , * * * ,


You could see Fannar (icy armour, extremely poisoned), an ice beast (summoned)
and 2 wights.

Vanquished Creatures
  Psyche (D:8)
  Maggie (D:6)
  Sigmund (D:3)
  Eustachio (D:6)
  A wraith (D:8)
  Grum (D:8)
  Menkaure (D:4)
  Duvessa (D:7)
  A water moccasin (D:9)
  A hornet zombie (D:8)
  An orc warrior (D:8)
  A black bear (D:8)
  A sky beast (D:5)
  3 wolves (D:8)
  4 ice beasts
  3 ogres
  A phantom (D:4)
  3 centaurs
  A big kobold (D:8)
  5 bullfrogs
  3 jellies
  Dowan (D:7)
  2 scorpions (D:9)
  9 killer bees (D:7)
  4 wights
  A howler monkey (D:7)
  2 centaur zombies
  A bullfrog zombie (D:5)
  4 hounds
  A centaur skeleton (D:7)
  3 orc priests
  2 bullfrog skeletons
  2 iguanas
  Ijyb (D:4)
  7 orc wizards
  7 worker ants
  A hound zombie (D:8)
  A worker ant zombie (D:5)
  Robin (D:2)
  2 howler monkey skeletons
  14 gnolls
  12 adders
  9 river rats (D:5)
  2 shadow imps
  3 white imps
  3 ufetubi
  3 oozes
  A worm (D:2)
  2 dart slugs
  5 leopard geckos
  26 orcs
  2 ball pythons (D:2)
  13 bats
  12 giant cockroaches
  6 hobgoblins
  6 kobolds
  12 quokkas
  4 frilled lizards
  18 goblins
  A jackal skeleton (D:4)
  A leopard gecko zombie (D:5)
  28 rats
  2 butterflies (D:4)
273 creatures vanquished.

Notes
Turn   | Place    | Note
-------+----------+-------------------------------------------
     0 | D:1      | buriedalive the Deep Elf Ice Elementalist began the quest
                  | for the Orb.
     0 | D:1      | Reached XP level 1. HP: 10/10 MP: 6/6
   153 | D:1      | Reached XP level 2. HP: 15/15 MP: 6/8
  1329 | D:1      | Reached skill level 5 in Ice Magic
  1329 | D:1      | Reached XP level 3. HP: 18/19 MP: 7/9
  2289 | D:2      | Reached XP level 4. HP: 24/24 MP: 6/10
  2627 | D:2      | Noticed Robin
  2663 | D:2      | Learned a level 3 spell: Frozen Ramparts
  2982 | D:2      | Killed Robin
  3075 | D:2      | Reached XP level 5. HP: 15/28 MP: 6/11
  3594 | D:2      | Found a glowing golden altar of the Shining One.
  3594 | D:2      | Found a white marble altar of Elyvilon.
  3602 | D:2      | Found a faded altar of an unknown god.
  3604 | D:2      | Found a shadowy altar of Dithmenos.
  3605 | D:2      | Found a bloodstained altar of Trog.
  3798 | D:3      | Reached skill level 5 in Dodging
  3990 | D:3      | Noticed Sigmund
  4012 | D:3      | Killed Sigmund
  4013 | D:3      | Reached XP level 6. HP: 25/32 MP: 4/12
  4514 | D:3      | Learned a level 3 spell: Ozocubu's Armour
  4865 | D:4      | Reached XP level 7. HP: 33/37 MP: 6/13
  5115 | D:4      | Found a staircase to the Ecumenical Temple.
  5125 | Temple   | Entered the Ecumenical Temple
  5177 | Temple   | Became a worshipper of Ashenzari the Shackled
  5500 | D:4      | Reached skill level 1 in Fighting
  5531 | D:4      | Noticed Menkaure
  5541 | D:4      | Killed Menkaure
  5671 | D:4      | Noticed a -2 hand axe
  5671 | D:4      | Noticed a +0 dagger
  5677 | D:4      | Found a hide-covered altar of Uskayaw.
  6178 | D:4      | Noticed Ijyb
  6191 | D:4      | Killed Ijyb
  6504 | D:5      | Entered Level 5 of the Dungeon
  6604 | D:5      | Found a radiant altar of Vehumet.
  6697 | D:5      | Found a stormy altar of Qazlal.
  7084 | D:5      | Reached XP level 8. HP: 43/45 MP: 8/14
  8163 | D:5      | Reached * piety under Ashenzari
  8734 | D:6      | Found a runed translucent door.
  8740 | D:6      | Noticed MummyDearest's ghost (novice HOBe)
  8997 | D:6      | Noticed Eustachio
  9147 | D:6      | Noticed Maggie
  9167 | D:6      | Found a snail-covered altar of Cheibriados.
  9278 | D:7      | Found a glowing silver altar of Zin.
  9573 | D:7      | Reached XP level 9. HP: 37/52 MP: 6/15
 10041 | D:6      | Killed Maggie
 10089 | D:6      | Killed Eustachio
 10604 | D:7      | Reached skill level 5 in Fighting
 10713 | D:7      | Reached skill level 10 in Dodging
 10714 | D:7      | Reached skill level 10 in Ice Magic
 11645 | D:7      | Noticed Duvessa
 11645 | D:7      | Noticed Dowan
 11656 | D:7      | Killed Duvessa
 11660 | D:7      | Killed Dowan
 12422 | D:8      | Reached ** piety under Ashenzari
 12445 | D:8      | Noticed Grum
 12456 | D:8      | Reached XP level 10. HP: 50/60 MP: 4/16
 12457 | D:8      | Killed Grum
 12958 | D:8      | Noticed Psyche
 12977 | D:8      | Killed Psyche
 13048 | D:8      | Found a sparkling altar of Nemelex Xobeh.
 13088 | D:8      | Found Xoremoad's Antique Armour Boutique.
 13098 | D:8      | Bought a pair of boots for 103 gold pieces
 13347 | D:8      | Found a runed translucent gate.
 13347 | D:8      | Found a runed translucent gate.
 13347 | D:8      | Found a runed translucent gate.
 13348 | D:8      | Noticed Zeld's ghost (novice TrHu)
 13558 | D:8      | Learned a level 4 spell: Summon Ice Beast
 13699 | D:9      | Reached skill level 1 in Summonings
 14181 | D:9      | Found a shimmering altar of Xom.
 14386 | D:9      | Identified the +6 great mace of Shame {venom, Will+ Int+3}
 14429 | D:9      | Found a staircase to the Orcish Mines.
 14580 | D:10     | Entered Level 10 of the Dungeon
 15216 | D:10     | Found Iterph's Distillery.
 15221 | D:10     | Noticed Fannar
 15234 | D:10     | Killed from afar by Fannar

Illustrated notes

Levels and vault maps discovered:
D:1:      dpeg_arrival_round_b, layout_basic
D:2:      layout_loops_ring, chequers_temple_overflow_minitemple, uniq_robin
D:3:      layout_rooms, uniq_sigmund
D:4:      layout_loops_ring, dancing_weapons_uskayaw,
          minmay_temple_entry_butterflies, uniq_ijyb, uniq_menkaure
D:5:      lemuel_ratsnest, layout_gridville, vehumet_crystals,
          kennysheep_mini_moat
D:6:      layout_rooms, general_overflow_altar, ebering_ghost_sewer_d,
          uniq_eustachio, uniq_maggie
D:7:      layout_cave_pods, kennysheep_little_box, uniq_duvessa
D:8:      layout_rooms, nemelex_xobeh_ov_fountains_minmay, serial_shops,
          nicolae_shop_crystal, gammafunk_ghost_spectres, minmay_misc_feat_chi,
          st_stairs_6, uniq_psyche, uniq_grum
D:9:      layout_gridville, xom_teletrap_fun, orc_0_dummy, grunt_ministairs_2,
          amcnicky_mini_pool_medium
D:10:     layout_basic, serial_shops, shop, uniq_fannar, uniq_joseph
Temple:   minmay_temple_curvy_loop

Skill      XL: |  1  2  3  4  5  6  7  8  9 10 |
---------------+-------------------------------+-----
Dodging        | 3 4 6 7 9 10 11 | 11.5
Ice Magic      | 5 6 7 8 9 10 11 | 11.0
Fighting       | 2 4 5 6 |  6.7
Summonings     | 2 |  2.4
Stealth        | |  2.4
Spellcasting   | |  3.0

Action                   |  1- 3 |  4- 6 |  7- 9 | 10-12 || total
-------------------------+-------+-------+-------+-------++-------
Melee: Unarmed           |     3 |       |       |       ||     3
       Dagger            |    20 |    27 |       |       ||    47
       Rapier            |       |    19 |     1 |       ||    20
       Short sword       |       |       |   458 |   176 ||   634
       Great mace        |       |       |       |    15 ||    15
Throw: Dart              |       |     3 |    11 |    13 ||    27
 Cast: Freeze            |    44 |    50 |    17 |    14 ||   125
       Frozen Ramparts   |       |    16 |    55 |    27 ||    98
       Ozocubu's Armour  |       |     1 |    38 |    11 ||    50
Invok: Curse Item        |       |       |     1 |     1 ||     2
  Use: Potion            |     2 |     1 |     5 |     2 ||    10
       Scroll            |       |     8 |     9 |     6 ||    23
 Stab: Sleeping          |     5 |     6 |     5 |     1 ||    17
       Distracted        |       |       |     1 |       ||     1
Armor: Robe              |     9 |     6 |       |       ||    15
       Animal skin       |       |    16 |   151 |    53 ||   220
Dodge: Dodged            |    32 |    91 |   447 |   221 ||   791
Block: Other             |       |       |       |     3 ||     3
